AoeStats
← Berkecan

Yucatan

510595890Analyzed
3v3 RM · 1d ago on Oct 1, 2026· 85m 41s· 6 players
Game mode
Random Map
Map size
Normal (6 player)
Population
200
Speed
Normal
Resources
Standard
Victory
Conquest
Starting age
Dark Age
Ending age
Imperial Age
RankedLock teamsTeams togetherTeam positionsShared explorationLock speedFull tech treeHidden civsTurbo modeCheats
Victory
Defeat
🇬🇧 Celts · United Kingdom
726
+7
🇨🇳 Aztecs · China
710
+18
🇮🇱 Sicilians · Israel
627
+10
🇨🇳 Bohemians · China
569
-10
🇨🇴 Portuguese · Colombia
493
-8
🇹🇷 Lithuanians · Türkiye
434
-6
定宏法师
11:16 Feudal Age
10:05 Loom
12:54 Wheelbarrow
12:20 Double-Bit Axe
17:19 Horse Collar
23:47 Castle Age
24:08 Light Cavalry
24:56 Husbandry
25:30 Hand Cart
26:33 Bow Saw
30:37 Fervor
30:48 Sanctity
34:00 Imperial Age
33:02 Chemistry
33:43 Heavy Plow
34:29 Caravan
35:02 Coinage
37:59 Guilds
38:22 Banking
38:51 Hussite Reforms
38:07 Elite Hussite Wagon
39:16 Cavalier
42:08 Redemption
42:38 Theocracy
42:33 Illumination
42:27 Block Printing
42:18 Atonement
43:40 Two-Man Saw
43:17 Pikeman
49:58 Onager
51:03 Heavy Scorpion
53:55 Halberdier
71:25 Man-at-Arms
79:38 Scale Mail Armor
79:44 Scale Barding Armor
79:39 Padded Archer Armor
79:30 Fletching
79:50 Forging
80:29 Fishing Lines
81:19 Chain Barding Armor
Berkecan
11:04 Feudal Age
17:23 Man-at-Arms
21:15 Castle Age
22:38 Crossbowman
26:43 Gold Mining
26:54 Horse Collar
31:36 Heavy Plow
34:59 Wheelbarrow
34:11 Loom
35:24 Double-Bit Axe
35:32 Stone Mining
37:24 Thumb Ring
40:45 Hand Cart
41:56 Forging
41:46 Scale Mail Armor
41:52 Scale Barding Armor
41:48 Padded Archer Armor
41:38 Fletching
42:08 Husbandry
43:09 Stone Shaft Mining
42:50 Fortified Wall
42:57 Masonry
43:07 Caravan
43:38 Coinage
46:32 Imperial Age
43:57 Town Watch
45:58 Iron Casting
45:39 Chain Mail Armor
45:44 Chain Barding Armor
45:40 Leather Archer Armor
54:23 Long Swordsman
Willy River4
11:29 Feudal Age
11:58 Double-Bit Axe
14:36 Gold Mining
14:37 Stone Mining
26:53 Castle Age
33:13 Bow Saw
36:35 Imperial Age
43:13 Husbandry
42:36 Cavalier
47:53 Elite Organ Gun
52:40 Stone Shaft Mining
66:43 Two-Man Saw
Bummo
10:27 Feudal Age
11:01 Double-Bit Axe
12:34 Wheelbarrow
17:00 Loom
19:44 Castle Age
18:09 Stone Mining
18:04 Horse Collar
20:17 Forging
20:08 Scale Mail Armor
21:12 Bow Saw
22:09 Hand Cart
24:02 Chain Mail Armor
25:01 Gold Mining
27:21 Fortified Wall
30:53 Imperial Age
28:57 Heavy Plow
29:51 Iron Casting
30:01 Gold Shaft Mining
31:33 Masonry
31:23 Gambesons
31:33 Arson
33:07 Stone Shaft Mining
32:06 Pikeman
34:28 Blast Furnace
34:00 Plate Mail Armor
33:40 Town Watch
34:58 Conscription
35:36 Town Patrol
36:07 Fletching
36:03 Elite Woad Raider
38:23 Ballistics
41:31 Bodkin Arrow
41:13 Capped Ram
43:22 Siege Ram
67:26 Halberdier
69:51 Murder Holes
70:02 Siege Engineers
70:58 Chemistry
85:03 Heated Shot
85:05 Guard Tower
85:00 Arrowslits
84:38 Man-at-Arms
85:29 Furor Celtica
85:55 Hoardings
84:54 Sappers
Flanker2020
7:10 Loom
12:02 Feudal Age
12:34 Double-Bit Axe
12:30 Horse Collar
23:07 Castle Age
22:27 Gold Mining
22:27 Stone Mining
22:33 Stone Mining
24:54 Bow Saw
24:53 Heavy Plow
25:34 Gold Shaft Mining
26:39 Stone Shaft Mining
26:18 Forging
26:08 Scale Mail Armor
25:35 Pikeman
26:01 Gambesons
26:16 Squires
27:24 Wheelbarrow
30:27 Hand Cart
30:00 Town Watch
31:10 Iron Casting
30:50 Chain Mail Armor
31:35 Town Patrol
34:10 Imperial Age
34:56 Town Patrol
36:10 Blast Furnace
35:40 Plate Mail Armor
35:47 Conscription
36:09 Halberdier
36:14 Elite Serjeant
38:21 Caravan
40:08 Crop Rotation
39:03 Halberdier
39:42 Fletching
39:52 Padded Archer Armor
40:53 Bodkin Arrow
40:25 Elite Skirmisher
41:24 Man-at-Arms
41:54 Arson
42:27 Hauberk
42:26 Bracer
42:41 Leather Archer Armor
42:40 Heavy Mounted Crossbowman
44:40 Long Swordsman
44:45 Cranequins
45:35 Scale Barding Armor
48:23 Two-Handed Swordsman
54:57 Champion
73:28 Spies/Treason
1543248784
10:14 Feudal Age
12:07 Double-Bit Axe
16:29 Loom
28:15 Castle Age
36:37 Caravan
43:14 Imperial Age
47:03 Wheelbarrow
46:14 Town Watch
48:35 Hand Cart
52:43 Squires
52:29 Gambesons
54:29 Elite Skirmisher
54:30 Crossbowman
54:34 Pikeman
54:34 Man-at-Arms
54:35 Eagle Warrior
55:01 Arson
56:42 Padded Archer Armor
Connection lost

Rejoining the realm…

Still unreachable

The connection could not be restored.

Session expired

The server has moved on; the page needs a fresh start.